 Dungeon Crawl Stone Soup version 0.28-a0-535-g6f645e4c1d (webtiles) character file.

Game seed: 3523878860344100576

575 bande the Covered (level 7, -1/44 HPs)
             Began as a Gargoyle Fighter on Sept 27, 2021.
             Slain by Duvessa (5 damage)
             ... on level 4 of the Dungeon.
             The game lasted 00:07:16 (5733 turns).

bande the Covered (Gargoyle Fighter)                Turns: 5733, Time: 00:07:17

Health: -1/44      AC: 15    Str: 20      XL:     7   Next: 35%
Magic:  7/7        EV:  7    Int:  8 (9)  God:
Gold:   188        SH:  4    Dex: 10      Spells: 6/6 levels left

rFire   . . .      SeeInvis .   a - +1 war axe
rCold   . . .      Faith    .   c - +0 buckler
rNeg    + . .      Spirit   .   n - +0 chain mail
rPois   ∞          Reflect  .   (no helmet)
rElec   +          Harm     .   (no cloak)
rCorr   .          Rampage  .   h - +0 pair of gloves
Will    .....                   (no boots)
Stlth   ..........              (no amulet)
HPRegen 0.14/turn               (no ring)
MPRegen 0.10/turn               (no ring)

@: no status effects
A: sickness immunity, AC +4, negative energy resistance 1, electricity
resistance, torment resistance 1, petrification resistance
a: no special abilities


You were on level 4 of the Dungeon.
You visited 1 branch of the dungeon, and saw 4 of its levels.
You also visited: Sewer.

You collected 188 gold pieces.

Inventory:

Hand Weapons
 a - a +1 war axe (weapon)
 d - a +0 war axe
 j - a +0 morningstar
Armour
 c - a +0 buckler (worn)
 h - a +0 pair of gloves (worn)
 n - a +0 chain mail (worn)
Scrolls
 e - a scroll of amnesia
 g - a scroll of enchant weapon
Potions
 f - a potion of haste
 i - 2 potions of curing
 k - 2 potions of flight
 l - a potion of heal wounds
 m - a potion of invisibility


   Skills:
 + Level 4.6 Fighting
 + Level 5.1 Axes
 + Level 5.2 Armour
 - Level 0.3 Dodging
 + Level 4.2 Shields


You had 6 spell levels left.
You didn't know any spells.
Your spell library contained the following spells:

 Spells                   Type           Power      Damage    Failure   Level
 Sandblast                Erth           0%         2d4       99%         1
 Passwall                 Tmut/Erth      0%         N/A       99%         2
 Gell's Gravitas          Tloc           0%         N/A       100%        3
 Lesser Beckoning         Tloc           0%         N/A       100%        3
 Stone Arrow              Conj/Erth      0%         3d7       100%        3
 Teleport Other           Tloc           0%         N/A       100%        3
 Leda's Liquefaction      Hex/Erth       0%         N/A       100%        4
 Lee's Rapid Deconstruct  Erth           0%         3d5*      100%        5
 Statue Form              Tmut/Erth      Unusable   N/A       N/A         6

Dungeon Overview and Level Annotations

Branches:
Dungeon (4/15)              Sewer (visited)
 Temple: D:4-7

Altars:

Annotations:
D:4 Dowan, Duvessa


Innate Abilities, Weirdness & Mutations

You are immune to sickness and miasma.
Your stone body is resilient. (AC +4)
You are immune to poison.
You resist negative energy. (rN+)
You are resistant to electric shocks. (rElec)
You are resistant to unholy torment.
You are immune to petrification.


Message History

Dowan, Brother of Duvessa comes into view.
He is wielding a +0 dagger.
Duvessa hits you with a +1 short sword of speed!
You completely miss Duvessa.
Duvessa is moderately wounded.
Dowan shouts!
Duvessa hits you but does no damage.
Dowan says, "Stay away from my face!"
Duvessa gestures with her weapon.
Duvessa hits you with a +1 short sword of speed.
The goblin barely misses you.
Dowan points at Duvessa and mumbles some strange words.
Duvessa seems to speed up.
Dowan throws and catches a handful of magical flame, then smirks.
Duvessa says, "Where magic fails, the sword succeeds!"
Duvessa hits you with a +1 short sword of speed.
Duvessa closely misses you.
Dowan casts a spell.
Dowan blinks!
Duvessa hits you with a +1 short sword of speed.
Duvessa hits you but does no damage. x2
Duvessa hits you with a +1 short sword of speed.
Duvessa hits you but does no damage.
Duvessa hits you with a +1 short sword of speed.
Duvessa hits you with a +1 short sword of speed.
* * * LOW HITPOINT WARNING * * *
You see here a +0 short sword.
Duvessa hits you with a +1 short sword of speed.
* * * LOW HITPOINT WARNING * * *
Duvessa closely misses you. Duvessa hits you but does no damage.
Duvessa hits you but does no damage. You block Duvessa's attack.
Duvessa barely misses you. Duvessa hits you but does no damage.
Duvessa hits you but does no damage. Duvessa completely misses you.
Duvessa hits you with a +1 short sword of speed!
* * * LOW HITPOINT WARNING * * *
Duvessa hits you with a +1 short sword of speed.
You die...

#..>....##≈≈≈.÷.≈≈##..........##.
#.......#..≈≈≈≈≈≈##...)..........
#.......#..#########....[.....)..
#.......#.≈≈≈≈≈≈≈≈.#.............
#.......##.≈≈..≈≈.≈.).........##.
'........########≈≈...........##.
#......(....[.....)...........##.
####........[.[.........########.
##########...@e.g)...# #.
#...........# #. #######
#...######### ..
####.....####...######## .#
...'........+...).......
####.......##...########
...+..................#
####........###.........# .#
#.....................


You could see Duvessa (fast) and a goblin.

Vanquished Creatures
  Sigmund (D:2)
  A kobold brigand (Sewer)
  A gnoll shaman (D:3)
  An orc priest (D:4)
  An iguana (D:4)
  Terence (D:2)
  8 gnolls (D:4)
  4 adders (D:2)
  3 river rats (Sewer)
  A worm (D:3)
  2 dart slugs (D:1)
  3 orcs
  4 bats
  6 endoplasms
  4 giant cockroaches
  5 goblins
  7 hobgoblins
  A jackal (Sewer)
  8 quokkas
  6 ball pythons
  4 frilled lizards
  18 kobolds
  8 rats
98 creatures vanquished.

Vanquished Creatures (others)
  5 toadstools (D:4)
5 creatures vanquished.

Grand Total: 103 creatures vanquished

Notes
Turn   | Place    | Note
-------+----------+-------------------------------------------
     0 | D:1      | bande the Gargoyle Fighter began the quest for the Orb.
     0 | D:1      | Reached XP level 1. HP: 14/14 MP: 1/1
   140 | D:1      | Reached XP level 2. HP: 10/19 MP: 2/2
   875 | D:1      | Reached XP level 3. HP: 18/23 MP: 3/3
  1207 | D:1      | Found a faded altar of an unknown god.
  1904 | D:2      | Noticed Terence
  1904 | D:2      | Noticed Sigmund
  1910 | D:2      | Killed Terence
  1911 | D:2      | Reached XP level 4. HP: 7/29 MP: 4/4
  1918 | D:2      | Killed Sigmund
  1919 | D:2      | Reached XP level 5. HP: 19/33 MP: 5/5
  1919 | D:2      | Reached XP level 6. HP: 23/38 MP: 6/6
  3431 | D:4      | Found a glowing drain.
  3451 | Sewer    | Entered a sewer
  3915 | Sewer    | Reached skill level 5 in Armour
  4150 | Sewer    | Found a white marble altar of Elyvilon.
  4274 | D:4      | Reached XP level 7. HP: 39/44 MP: 7/7
  4626 | D:4      | Reached skill level 5 in Axes
  5697 | D:4      | Noticed Duvessa
  5703 | D:4      | Noticed Dowan
  5733 | D:4      | Slain by Duvessa

Illustrated notes

Levels and vault maps discovered:
D:1:      giann_wishing_wells, layout_basic, chequers_ecumenical_altar_twisty
D:2:      layout_rooms, minmay_pentomino_pile, uniq_terence, uniq_sigmund
D:3:      layout_loops_ring
D:4:      cheibrodos_fertilizer, layout_basic,
          chequers_temple_overflow_minitemple, gup_sewer_entry_pipe,
          uniq_duvessa

Skill      XL: |  1  2  3  4  5  6  7 |
---------------+----------------------+-----
Axes           | 2 3 4 5 |  5.1
Armour         | 4 5 |  5.2
Fighting       | 4 |  4.6
Shields        | 4 |  4.2
Dodging        | |  0.3

Action                   |  1- 3 |  4- 6 |  7- 9 || total
-------------------------+-------+-------+-------++-------
Melee: War axe           |    98 |   105 |    63 ||   266
  Use: Scroll            |     4 |     3 |       ||     7
       Potion            |     1 |     8 |       ||     9
Armor: Scale mail        |    65 |    59 |    23 ||   147
       Chain mail        |       |       |    41 ||    41
Dodge: Dodged            |    65 |    51 |    45 ||   161
Block: Buckler           |    25 |    17 |    28 ||    70

Table legend: (Time is in decaauts)
 A = Elapsed time spent in this place.
 B = Non-inter-level travel time spent in this place.
 C = Inter-level travel time spent in this place.
 D = Time resting spent in this place.
 E = Time spent auto-exploring this place.
 F = Levels seen in this place.
 G = Mean time per level.
                   A        B        C        D        E       F      G
               +--------+--------+--------+--------+--------+-----+--------+
         Total |   5856 |   5834 |     22 |   2580 |   2305 |   5 | 1171.2 |
       Dungeon |   5077 |   5055 |     22 |   1992 |   2189 |   4 | 1269.2 |
         Sewer |    778 |    778 |      0 |    588 |    116 |   1 |  778.0 |
               +--------+--------+--------+--------+--------+-----+--------+

Top non-repeatable levels by time:
     D:3: 1750 daAuts
     D:1: 1532 daAuts
     D:2: 1115 daAuts
   Sewer: 778 daAuts
     D:4: 679 daAuts
